 Dungeon Crawl Stone Soup version 0.23.1 (webtiles) character file.

Game seed: 3098073447333916170

18 Borgoz the Sneak (level 2, 0/20 HPs)
             Began as a Ghoul Enchanter on Mar 4, 2019.
             Slain by a rat (2 damage)
             ... on level 2 of the Dungeon.
             The game lasted 00:01:11 (837 turns).

Borgoz the Sneak (Ghoul Enchanter)                   Turns: 837, Time: 00:01:12

Health: 0/20       AC:  2    Str: 11    XL:     2   Next: 66%
Magic:  3/4        EV: 14    Int: 10    God:
Gold:   44         SH:  0    Dex:  9    Spells: 4/5 levels left

rFire    . . .     SeeInvis .   a - +1 dagger
rCold    + . .     Gourm    .   (no shield)
rNeg     + + +     Faith    .   h - +0 robe (curse)
rPois    ∞         Spirit   .   (no helmet)
rElec    .         Reflect  .   (no cloak)
rCorr    .         Harm     .   (no gloves)
MR       .....                  (no boots)
Stlth    ++........             (no amulet)
HPRegen  0.00/turn              f - +2 ring of evasion
MPRegen  0.09/turn              (no ring)

@: rotting
A: rotting body, claws 1, carnivore, cold resistance 1, negative energy
resistance 3, inhibited regeneration, torment resistance, unbreathing
a: no special abilities


You were on level 2 of the Dungeon.
You were not hungry.

You visited 1 branch of the dungeon, and saw 2 of its levels.

You collected 44 gold pieces.

Inventory:

Hand Weapons
 a - a +1 dagger (weapon)
Armour
 e - a +0 ring mail
 h - a cursed +0 robe (worn)
Jewellery
 b - an uncursed amulet of rage {unknown}
 f - a +2 ring of evasion (left claw)
Scrolls
 g - a scroll of teleportation {unknown}
Potions
 c - a potion of brilliance {unknown}
Comestibles
 d - 2 rations


   Skills:
 + Level 1.2 Short Blades
 + Level 2.0 Dodging
 + Level 3.5 Stealth
 + Level 2.0 Spellcasting
 + Level 2.6 Hexes


You had 4 spell levels left.
You knew the following spells:

 Your Spells              Type           Power        Failure   Level  Hunger
a - Corona                Hex            #......      11%         1    ##.....

Your spell library contained the following spells:

 Spells                   Type           Power        Failure   Level  Hunger
 Ensorcelled Hibernation  Hex/Ice        #.....       28%         2    ###....
 Confuse                  Hex            #.......     32%         3    ####...
 Tukima's Dance           Hex            #.......     32%         3    ####...
 Dazzling Spray           Conj/Hex       #.....       50%         3    ####...


Dungeon Overview and Level Annotations

Branches:
Dungeon (2/15)

Altars:

Annotations:
D:2 Natasha


Innate Abilities, Weirdness & Mutations

Your body is rotting away.
You thrive on raw meat.
You are immune to poison.
You have sharp fingernails.
You are carnivorous and can eat meat at any time.
Your flesh is cold resistant. (rC+)
You are immune to negative energy. (rN+++)
You do not regenerate when monsters are visible.
You are immune to unholy pain and torment.
You can survive without breathing.


Message History

Natasha is moderately wounded.
The crimson imp barely misses you. The rat barely misses you.
You hit Natasha but do no damage.
Natasha is moderately wounded.
Natasha barely misses you.
The crimson imp blinks!
The crimson imp barely misses you. The rat closely misses you.
You hit Natasha but do no damage.
Natasha is moderately wounded.
Natasha claws you but does no damage.
The crimson imp hits you but does no damage.
The rat bites you.
You hit Natasha.
Natasha is heavily wounded.
Natasha growls.
Natasha claws you.
* * * LOW HITPOINT WARNING * * *
The crimson imp hits you.
* * * LOW HITPOINT WARNING * * *
The crimson imp barely misses you. The rat bites you.
You die...

..... #.#.# #.#.#
#### # # #.#.## ...
#######.#.###.... ...
.<.....###.##...##.##
##.####.#..##..r#$..#
#.......(......5@5#
#..#######.###..#h..#
#..#######.###..#####
#...............#
....###.##.######
........##.#
#..........#
#..........#
#..........#


You could see Natasha, 2 crimson imps and a rat.

Vanquished Creatures
  An adder (D:2)
  2 bats
  A giant cockroach (D:1)
  3 goblins (D:1)
  A frilled lizard (D:1)
  A rat (D:1)
9 creatures vanquished.

Notes
Turn   | Place    | Note
-------+----------+-------------------------------------------
     0 | D:1      | Borgoz the Ghoul Enchanter began the quest for the Orb.
     0 | D:1      | Reached XP level 1. HP: 14/14 MP: 2/2
    47 | D:1      | Reached skill level 1 in Short Blades
   166 | D:1      | Reached XP level 2. HP: 12/20 MP: 3/3
   826 | D:2      | Noticed Natasha
   831 | D:2      | Noticed a crimson imp
   833 | D:2      | Noticed a crimson imp
   837 | D:2      | Slain by a rat

Skill      XL: |  1  2 |
---------------+-------+-----
Short Blades   | 1 |  1.2
Dodging        | 2 |  2.0
Spellcasting   | 2 |  2.0
Stealth        | |  3.5
Hexes          | |  2.6

Action                   || total
-------------------------++-------
Melee: Dagger            ||    46
 Cast: Corona            ||     1
 Stab: Sleeping          ||     2
  Eat: Chunk             ||     4
Armor: Robe              ||    10
Dodge: Dodged            ||    34
